 Dungeon Crawl Stone Soup version 0.29.1-1-gd02db6906a (webtiles) character file.

Game seed: 18239870301877017425

30219 funnyparkerb the Fighter (level 13, -3/106 HPs)
             Began as a Djinni Fire Elementalist on Sept 16, 2022.
             Was a High Priest of Makhleb.
             Killed by divine providence
             ... invoked by a meliai
              (9 damage)
             ... on level 2 of the Lair of Beasts on Sept 17, 2022.
             The game lasted 00:59:44 (17459 turns).

funnyparkerb the Fighter (DjFE)                    Turns: 17459, Time: 00:59:45

Health: -3/106     AC:  7    Str:  7    XL:     13   Next: 87%
Gold:   765        EV: 15    Int: 22    God:    Makhleb [*****.] SH:  0 Dex: 14

rFire   + + .      SeeInvis .   P - staff of poison
rCold   . . .      Faith    .   (no shield)
rNeg    . . .      Spirit   .   i - +0 acid dragon scales
rPois   ∞          Reflect  .   (no helmet)
rElec   .          Harm     .   F - +0 cloak
rCorr   +          Rampage  .   (no gloves)
Will    ++...                   (boots unavailable)
Stlth   ++........              G - amulet of regeneration
HPRegen 1.07/turn               d - ring of willpower
MPRegen 0.00/turn               L - ring of protection from cold

@: flying
A: sickness immunity, fire resistance 2, cold vulnerability 1, float, innate
caster, HP casting, extra vitality 1
a: Renounce Religion, Minor Destruction, Lesser Servant of Makhleb, Major
Destruction, Greater Servant of Makhleb


You were on level 2 of the Lair of Beasts.
You worshipped Makhleb.
Makhleb was extremely pleased with you.
You visited 3 branches of the dungeon, and saw 16 of its levels.

You collected 850 gold pieces.
You spent 85 gold pieces at shops.

Inventory:

Hand Weapons
 g - a +1 rapier of protection
Missiles
 K - 2 throwing nets (quivered)
 N - 2 curare-tipped darts
Armour
 i - +0 acid dragon scales (worn)
 F - a +0 cloak (worn)
 J - a +1 robe of cold resistance
Magical Staves
 P - a staff of poison (weapon)
Jewellery
 d - a ring of willpower (left hand)
 t - a ring of resist corrosion
 v - a ring of fire
 G - an amulet of regeneration (around neck)
 L - a ring of protection from cold (right hand)
 M - an amulet of faith
Wands
 r - a wand of polymorph (12)
 B - a wand of roots (16)
 C - a wand of mindburst (18)
 D - a wand of flame (18)
 H - a wand of digging (5)
 I - a wand of charming (23)
Scrolls
 b - 3 scrolls of blinking {unknown}
 e - 2 scrolls of fog {unknown}
 f - a scroll of brand weapon
 j - 4 scrolls of teleportation
 k - 3 scrolls of poison
 l - 2 scrolls of vulnerability
 m - 3 scrolls of fear
 n - 3 scrolls of amnesia {unknown}
 o - a scroll of immolation {unknown}
 s - 6 scrolls of identify
 x - a scroll of enchant weapon {unknown}
 y - 6 scrolls of noise
 z - a scroll of torment {unknown}
 E - a scroll of acquirement {unknown}
Potions
 a - a potion of might
 c - a potion of heal wounds {unknown}
 h - a potion of berserk rage
 p - 6 potions of curing
 q - 2 potions of attraction
 u - 2 potions of degeneration
 w - a potion of lignification
 A - a potion of mutation
 O - a potion of brilliance {unknown}


   Skills:
 + Level 14.3 Fighting
 + Level 10.3 Dodging
 - Level 4.0 Stealth
 + Level 11.6 Spellcasting


You had 2 spell levels left.
You knew the following spells:

 Your Spells              Type           Power      Damage    Failure   Level
a - Foxfire               Conj/Fire      100%       2x1d9     1%          1
b - Scorch                Fire           100%       2d10      1%          2
c - Conjure Flame         Conj/Fire      59%        6-21      1%          3
d - Inner Flame           Hex/Fire       59%        N/A       1%          3
e - Flame Wave            Conj/Fire      59%        2d14      1%          4
f - Shock                 Conj/Air       100%       1d9       1%          1
g - Blink                 Tloc           100%       N/A       1%          2
h - Tukima's Dance        Hex            59%        N/A       1%          3
i - Fulminant Prism       Conj/Hex       29%        3d14      1%          4
j - Lee's Rapid Deconstr  Erth           29%        3d16*     2%          5
k - Lightning Bolt        Conj/Air       29%        1d46      2%          5
Your spell library was empty.

Dungeon Overview and Level Annotations

Branches:
Dungeon (12/15)            Temple (1/1) D:7            Lair (3/5) D:10
  Swamp (0/4) Lair:2          Orc (0/2) D:10
  Snake: Lair:2-3    Spider: Lair:2-3

Altars:
Ashenzari
Dithmenos
Elyvilon
Fedhas
Gozag
Hepliaklqana
Makhleb
Nemelex Xobeh
Qazlal
Wu Jian
Yredelemnul
Zin
The Shining One
Lugonu

Shops:
D:1 [   D:2 [   D:4 (*[   D:8 *

Annotations:
Lair:1 1 transporter


Innate Abilities, Weirdness & Mutations

You are immune to sickness and miasma.
You are immune to poison.
Your flesh is very heat resistant. (rF++)
You are vulnerable to cold. (rC-)
You float through the air rather than walking.
You learn spells naturally, not from books.
Your magical power is your life essence.
You have superior vitality. (+4 MHP)


Message History

A wave of flame ripples out!
The flame wave engulfs the meliai.
The meliai is lightly wounded. (Press . to intensify the flame waves.)
The meliai invokes the aid of its god against you.
Something smites you! The killer bee completely misses you.
Your fulminant prism explodes!
The blast of energy engulfs the elephant!!
The elephant is moderately wounded.
The blast of energy engulfs the meliai!!
The meliai is severely wounded.
The blast of energy engulfs the killer bee!!
You kill the killer bee!
Makhleb accepts your kill.
You feel better.
The blast of energy engulfs the hell rat!!
You kill the hell rat!
Makhleb accepts your kill.
The meliai mumbles some strange prayers to its god against you.
Something smites you!
Casting: Flame Wave (mildly dangerous; 1% risk of failure)
Confirm with . or Enter, or press ? or * to list all spells.
You blink.
The meliai misses you. The meliai closely misses you.
The killer bee barely misses you.
Casting: Blink (safe; 1% risk of failure)
Confirm with . or Enter, or press ? or * to list all spells.
You blink.
The killer bee stings you. The meliai hits you with a +0 war axe!
* * * LOW HITPOINT WARNING * * *
The meliai stings you.
* * * LOW HITPOINT WARNING * * *
The meliai calls down the wrath of its god upon you.
Something smites you!
* * * LOW HITPOINT WARNING * * *
The killer bee barely misses you.
Casting: Blink (safe; 1% risk of failure)
Confirm with . or Enter, or press ? or * to list all spells.
You blink.
* * * LOW HITPOINT WARNING * * *
The meliai calls down the wrath of its god upon you.
Something smites you!
You die...

.##.....#............P....#.###..
.#.....................####......
#....................P.####......
##.......................#.......
##)..........................#..
#......................#.......
##.....................##...##.
##........P....####.#.#.....[.
##..P......#@.##..#.#[.......
#..#.....y..................
#.......y†y........#.#......
#.....§yY.y†......##.⌠.###..
#.......§####.#####.....#...
#........# ### #.⌠^>.⌠.##.
#..#..#..# ##.....###.
...###.#### ##...##... .. #.
##..#.#...


You could see an elephant, 2 meliai and 3 killer bees.

Vanquished Creatures
  Josephine (D:10)
  3 hydras
  Harold (D:10)
  Amaemon (D:8)
  Pikel (D:8)
  An ugly thing (D:12)
  3 cyclopes
  A black mamba (Lair:2)
  Maurice (D:8)
  An orange demon (D:8)
  Psyche (D:8)
  7 cane toads
  A torpor snail (D:10)
  2 rime drakes
  A kobold demonologist (D:12)
  An unseen horror (D:12)
  2 komodo dragons
  3 meliai (Lair:2)
  6 trolls
  A hornet (D:10)
  A polar bear (D:10)
  7 slime creatures
  A blink frog (Lair:2)
  2 shadows (D:12)
  30 yaks
  3 wyverns
  5 wraiths
  4 steam dragons
  3 basilisks
  2 acid dragons
  6 water moccasins
  An orc warrior (D:11)
  3 ice beasts
  3 black bears
  5 sky beasts
  21 wolves
  2 ogres
  2 centaurs
  3 lemures (D:7)
  A phantom (D:6)
  7 kobold brigands
  10 bullfrogs
  4 necrophages
  2 scorpions
  4 wights (D:8)
  24 killer bees
  A hornet simulacrum (D:8)
  4 howler monkeys
  2 electric eels
  6 hounds
  10 jellies
  4 orc priests
  An iguana (D:6)
  12 orc wizards
  A hell rat (Lair:2)
  2 adders
  7 white imps
  A howler monkey simulacrum (D:8)
  2 ufetubi
  A dart slug (D:4)
  42 orcs
  2 ball pythons
  15 endoplasms
  2 giant cockroaches
  5 goblins
  3 hobgoblins
  3 quokkas
  6 bats
  6 frilled lizards
  14 kobolds
  5 rats
  3 foxfires
355 creatures vanquished.

Vanquished Creatures (collateral kills)
  Maggie (D:6)
  11 foxfires
12 creatures vanquished.

Vanquished Creatures (others)
  An unseen horror (D:10)
  936 foxfires
  119 fulminant prisms
  10 fungi
  11 plants
1077 creatures vanquished.

Grand Total: 1444 creatures vanquished

Notes
Turn   | Place    | Note
-------+----------+-------------------------------------------
     0 | D:1      | funnyparkerb the Djinni Fire Elementalist began the quest
                  | for the Orb.
     0 | D:1      | funnyparkerb set off with the following spells memorised:
                  | Foxfire, Scorch, Conjure Flame, Inner Flame, Flame Wave.
     0 | D:1      | Reached XP level 1. HP: 15/15 MP: 0/0
   781 | D:1      | Found Usoevatu's Armour Boutique.
   850 | D:1      | Reached XP level 2. HP: 14/22 MP: 0/0
  1508 | D:1      | Found a faded altar of an unknown god.
  1508 | D:1      | Noticed a hellwing
  1671 | D:2      | Reached XP level 3. HP: 21/26 MP: 0/0
  1671 | D:2      | Learned a level 1 spell: Shock
  1742 | D:2      | Reached skill level 1 in Fighting
  2051 | D:2      | Found Qyketuq's Armour Emporium.
  2956 | D:3      | Noticed a scorpion
  2963 | D:3      | Killed a scorpion
  2964 | D:3      | Reached XP level 4. HP: 28/33 MP: 0/0
  2964 | D:3      | Reached XP level 5. HP: 33/38 MP: 0/0
  2964 | D:3      | Learned a level 2 spell: Blink
  3346 | D:4      | Found Lickogisu's General Store.
  3356 | D:4      | Bought a wand of polymorph (2) for 30 gold pieces
  3356 | D:4      | Bought a throwing net for 33 gold pieces
  3356 | D:4      | Bought a scroll of identify for 22 gold pieces
  3386 | D:4      | Reached skill level 2 in Fighting
  3521 | D:4      | Found Kaluh's Weapon Boutique.
  3527 | D:4      | Noticed a bullfrog
  3532 | D:4      | Killed a bullfrog
  3533 | D:4      | Reached XP level 6. HP: 32/45 MP: 0/0
  3729 | D:4      | Found Vinteemu's Armour Emporium.
  4017 | D:5      | Entered Level 5 of the Dungeon
  4050 | D:5      | Noticed a steam dragon
  4609 | D:5      | Reached skill level 3 in Fighting
  4612 | D:5      | Reached XP level 7. HP: 27/50 MP: 0/0
  4612 | D:5      | Learned a level 3 spell: Tukima's Dance
  4993 | D:5      | Killed a steam dragon
  5748 | D:6      | Noticed Maggie
  5764 | D:6      | Killed Maggie
  5765 | D:6      | Reached skill level 4 in Fighting
  5765 | D:6      | Reached skill level 5 in Dodging
  5765 | D:6      | Reached XP level 8. HP: 29/58 MP: 0/0
  6246 | D:6      | Reached skill level 5 in Fighting
  6246 | D:6      | Reached skill level 5 in Spellcasting
  6570 | D:6      | Reached XP level 9. HP: 60/66 MP: 0/0
  6570 | D:6      | Learned a level 4 spell: Fulminant Prism
  6716 | D:6      | Reached skill level 6 in Fighting
  7195 | D:7      | Found an ornate altar of the Wu Jian Council.
  7322 | D:7      | Reached skill level 7 in Fighting
  7489 | D:7      | Found a staircase to the Ecumenical Temple.
  7499 | Temple   | Entered the Ecumenical Temple
  7572 | Temple   | Became a worshipper of Makhleb the Destroyer
  7896 | D:7      | Noticed a slime creature
  8399 | D:8      | Found Kapuuku's General Store.
  8609 | D:7      | Reached skill level 8 in Fighting
  8609 | D:7      | Reached XP level 10. HP: 26/76 MP: 0/0
  9168 | D:8      | Noticed Pikel
  9177 | D:8      | Killed Pikel
  9181 | D:8      | Reached skill level 9 in Fighting
  9759 | D:8      | Reached * piety under Makhleb
  9817 | D:8      | Noticed Maurice
  9833 | D:8      | Killed Maurice
 10104 | D:8      | Noticed Psyche
 10113 | D:8      | Killed Psyche
 10114 | D:8      | Reached skill level 10 in Fighting
 10236 | D:8      | Reached XP level 11. HP: 74/85 MP: 0/0
 10236 | D:8      | Learned a level 5 spell: Lee's Rapid Deconstruction
 10574 | D:8      | Reached ** piety under Makhleb
 10790 | D:8      | Noticed Amaemon
 10803 | D:8      | Killed Amaemon
 11520 | D:9      | Identified the +9 chain mail of Resonance {Will- Str+2
                  | Slay+5}
 11534 | D:9      | Reached skill level 11 in Fighting
 11685 | D:10     | Entered Level 10 of the Dungeon
 11685 | D:10     | Found a staircase to the Orcish Mines.
 11819 | D:10     | Found a blossoming altar of Fedhas.
 11827 | D:10     | Noticed Harold
 12018 | D:10     | Found a staircase to the Lair.
 12317 | D:10     | Killed Harold
 12606 | D:10     | Noticed Josephine
 12627 | D:10     | Killed Josephine
 12628 | D:10     | Reached skill level 12 in Fighting
 12943 | D:11     | Noticed a cyclops
 12954 | D:11     | Killed a cyclops
 12955 | D:11     | Reached XP level 12. HP: 95/95 MP: 0/0
 13145 | D:11     | Reached skill level 10 in Spellcasting
 13467 | D:11     | Reached *** piety under Makhleb
 14158 | D:12     | Found a corrupted altar of Lugonu.
 14294 | D:12     | Noticed a six-headed hydra
 14303 | D:12     | Killed a six-headed hydra
 14318 | D:12     | Reached skill level 13 in Fighting
 14858 | D:12     | Identified the +11 sling "Killer Klown's Peril" {vorpal,
                  | +Blink Str+3}
 14956 | Lair:1   | Entered Level 1 of the Lair of Beasts
 15037 | Lair:1   | Reached XP level 13. HP: 102/103 MP: 0/0
 15037 | Lair:1   | Learned a level 5 spell: Lightning Bolt
 15042 | Lair:1   | Reached **** piety under Makhleb
 15235 | Lair:1   | Noticed a six-headed hydra
 15252 | D:10     | Killed a six-headed hydra
 16085 | Lair:1   | Found a transporter.
 16166 | Lair:2   | Found a staircase to the Swamp.
 16229 | Lair:2   | Noticed a six-headed hydra
 16249 | Lair:1   | HP: 4/104 [yak (12)]
 16557 | Lair:2   | Reached skill level 14 in Fighting
 16625 | Lair:2   | Reached ***** piety under Makhleb
 16682 | Lair:2   | Reached skill level 10 in Dodging
 16750 | Lair:2   | Killed a six-headed hydra
 17459 | Lair:2   | Killed from afar by a meliai

Illustrated notes

Levels and vault maps discovered:
D:1:      lightli_molten_gateway, layout_loops_ring,
          dreamdust_ecumenical_altar_sealed_demon, serial_shops, shop,
          chequers_serial_rivers_large_a, minmay_unequal
D:2:      minmay_wonky_spiral, layout_rooms, serial_shops, shop
D:3:      layout_basic
D:4:      layout_rooms, serial_shops, shop, nicolae_shop_trees,
          nicolae_shop_statue_plus
D:5:      layout_loops_cross, item_on_display_a
D:6:      layout_basic, grunt_ministairs_11, uniq_maggie
D:7:      lemuel_slime, layout_cave_pools, mainiacjoe_overflow_alcove_4,
          minmay_temple_entry_ruins
D:8:      hellmonk_ruined_rings, layout_basic,
          mainiacjoe_overflow_cross_hatched, serial_shops, shop_fountains,
          serial_ice, serial_ice_i, serial_ice_e, serial_ice_g, serial_ice_f,
          serial_ice_o, serial_ice_b, serial_ice_c, grunt_ogre_cave,
          uniq_psyche, uniq_amaemon, uniq_maurice, uniq_pikel
D:9:      layout_loops_ring
D:10:     layout_irregular_city, fedhas_ov_isle_minmay, erik_lair_island,
          orc_0_dummy, uniq_josephine, uniq_harold
D:11:     layout_gridville
D:12:     layout_small_grid, tgw_lugonu_bribe
Temple:   nicolae_temple_bog_church
Lair:1:   layout_regular_city, gammafunk_ghost_berserking_beasts,
          grunt_megastairs_4
Lair:2:   regret_index_combs_of_tragedy, layout_gridlike, swamp_mist_pool,
          beast_lair_carwin_1, grunt_megastairs_3
Lair:3:   layout_misc_corridors, spider_nest_entry_rubble,
          gammafunk_ghost_cemetery, infiniplex_staircase_pool,
          grunt_megastairs_5, lemuel_fruit_tree

Skill      XL: |  1  2  3  4  5  6  7  8  9 10 11 12 13 |
---------------+----------------------------------------+-----
Fighting       | 1 2 3 4 5 8 10 12 13 14 | 14.3
Stealth        | 2 3 4 |  4.0
Dodging        | 3 4 5 8 10 | 10.3
Spellcasting   | 3 4 5 6 8 9 10 11 | 11.6

Action                   |  1- 3 |  4- 6 |  7- 9 | 10-12 | 13-15 || total
-------------------------+-------+-------+-------+-------+-------++-------
Melee: Unarmed           |    12 |       |       |       |       ||    12
       Short sword       |    17 |       |       |       |       ||    17
       Rapier            |       |     1 |     5 |     5 |       ||    11
Throw: Throwing net      |       |       |     1 |       |       ||     1
 Cast: Foxfire           |    44 |    26 |   117 |   248 |   134 ||   569
       Scorch            |    12 |    19 |    86 |    99 |    83 ||   299
       Shock             |     2 |     7 |     7 |    24 |     1 ||    41
       Blink             |       |     3 |    12 |    46 |    34 ||    95
       Tukima's Dance    |       |       |     1 |       |       ||     1
       Inner Flame       |       |       |     3 |       |       ||     3
       Fulminant Prism   |       |       |     1 |   102 |    17 ||   120
       Flame Wave        |       |       |       |    12 |     9 ||    21
       Lee's Rapid Decon |       |       |       |     1 |       ||     1
       Lightning Bolt    |       |       |       |       |    11 ||    11
  Use: Scroll            |       |     6 |       |     8 |       ||    14
       Potion            |       |       |       |     5 |     1 ||     6
Armor: Robe              |     8 |     2 |     1 |       |       ||    11
       Steam dragon scal |       |       |    12 |     5 |       ||    17
       Acid dragon scale |       |       |       |    40 |    43 ||    83
Dodge: Dodged            |    27 |    16 |    24 |   136 |   147 ||   350
